NCAA
CONNECTICUT HUSKIES @ MISSISSIPPI STATE BULLDOGS
05/03/2027
 
TOP OF THE 1ST
Connecticut Huskies batting - Pitching for Mississippi State Bulldogs : RHP Brian Harvey
Pitching: RHP Brian Harvey
Batting: RHB Steve Murphy 0-0: Called Strike
0-1: Ball
1-1: Foul Ball, location: 2F
1-2: Strikes out swinging
Batting: SHB Dalton Rowe 0-0: Ball
1-0: Ball
2-0: Called Strike
2-1: Bunted foul
2-2: Ball
3-2: Single, Error in OF, E9, batter to second base
Batting: LHB Arthur MacDonald 0-0: Ball
1-0: Called Strike
1-1: Called Strike
1-2: Foul Ball, location: 2F
1-2: Ball
2-2: SINGLE (Line Drive, 9S)
Dalton Rowe to third
Batting: LHB Stanley Smith 0-0: Ball
1-0: Called Strike
Arthur MacDonald steals 2nd base
1-1: Ball
2-1: 3-RUN HOME RUN (Flyball, 9LD), Distance : 322 ft
Batting: RHB Joe Wright 0-0: Called Strike
0-1: Ball
1-1: Ball
2-1: Ball
3-1: Base on Balls
Batting: RHB Bill Murray 0-0: Fielders Choice at 2nd, 1-4 (Groundball, 15S)
Batting: RHB Barrett Barr 0-0: Ball
1-0: Ball
2-0: Foul Ball, location: 2F
2-1: Fly out, F9 (Flyball, 9LS)
Top of the 1st over - 3 run(s), 3 hit(s), 1 error(s), 1 left on base; Connecticut 3 - Mississippi State 0
BOTTOM OF THE 1ST
Mississippi State Bulldogs batting - Pitching for Connecticut Huskies : LHP Dan Callahan
Pitching: LHP Dan Callahan
Batting: RHB Hunter Hudson 0-0: Swinging Strike
0-1: Foul Ball, location: 2F
0-2: Ball
1-2: Foul Ball, location: 2F
1-2: Strikes out swinging
Batting: RHB Josh Randall 0-0: Ball
1-0: Foul Ball, location: 2F
1-1: Fly out, F9 (Line Drive, 9)
Batting: RHB Phil Rowlett 0-0: Called Strike
0-1: Ground out 4-3 (Groundball, 4MS)
Bottom of the 1st over - 0 run(s), 0 hit(s), 0 error(s), 0 left on base; Connecticut 3 - Mississippi State 0
TOP OF THE 2ND
Connecticut Huskies batting - Pitching for Mississippi State Bulldogs : RHP Brian Harvey
Batting: RHB Bill Moore 0-0: Called Strike
0-1: Ball
1-1: Ball
2-1: Swinging Strike
2-2: Ball
3-2: Base on Balls
Batting: RHB John Hatch 0-0: Called Strike
0-1: Foul Ball, location: 2F
0-2: Ball
1-2: Ball
2-2: Ball
3-2: Foul Ball, location: 2F
3-2: Foul Ball, location: 2F
3-2: Base on Balls
Bill Moore to second
Batting: RHB Steve Murphy 0-0: Grounds into double play, 6-4-3 (Groundball, 6)
Bill Moore to third
Batting: SHB Dalton Rowe 0-0: Ball
1-0: Ball
2-0: Called Strike
2-1: Ball
3-1: Called Strike
3-2: Base on Balls
Batting: LHB Arthur MacDonald 0-0: Swinging Strike
0-1: Fly out, F8 (Flyball, 8RS)
Top of the 2nd over - 0 run(s), 0 hit(s), 0 error(s), 2 left on base; Connecticut 3 - Mississippi State 0
BOTTOM OF THE 2ND
Mississippi State Bulldogs batting - Pitching for Connecticut Huskies : LHP Dan Callahan
Batting: LHB Trey Fitzpatrick 0-0: Swinging Strike
0-1: Foul Ball, location: 2F
0-2: Ball
1-2: Foul Ball, location: 2F
1-2: Fly out, F7 (Flyball, 78S)
Batting: LHB Lúcio Gómez 0-0: Ball
1-0: Hit by Pitch
Batting: LHB Jack Crawford 0-0: Ball
1-0: Called Strike
1-1: Foul Ball, location: 2F
1-2: Strikes out swinging
Batting: LHB Darren Cook 0-0: Called Strike
0-1: Foul Ball, location: 2F
0-2: Fielders Choice at 2nd, 6-4 (Groundball, 6)
Bottom of the 2nd over - 0 run(s), 0 hit(s), 0 error(s), 0 left on base; Connecticut 3 - Mississippi State 0
TOP OF THE 3RD
Connecticut Huskies batting - Pitching for Mississippi State Bulldogs : RHP Brian Harvey
Batting: LHB Stanley Smith 0-0: Ball
1-0: Foul Ball, location: 2F
1-1: Called Strike
1-2: Strikes out swinging
Batting: RHB Joe Wright 0-0: Ball
1-0: Ground out 6-3 (Groundball, 6)
Batting: RHB Bill Murray 0-0: Ball
1-0: Swinging Strike
1-1: Called Strike
1-2: SINGLE (Line Drive, 8RS)
Batting: RHB Barrett Barr 0-0: Ball
1-0: Ball
2-0: Swinging Strike
2-1: Fielders Choice at 2nd, 6-4 (Groundball, 56)
Top of the 3rd over - 0 run(s), 1 hit(s), 0 error(s), 0 left on base; Connecticut 3 - Mississippi State 0
BOTTOM OF THE 3RD
Mississippi State Bulldogs batting - Pitching for Connecticut Huskies : LHP Dan Callahan
Batting: RHB Nick Dillon 0-0: Ball
1-0: Ball
2-0: SINGLE (Groundball, 34D)
Batting: SHB Jessie Teague 0-0: Called Strike
0-1: Swinging Strike
0-2: Strikes out swinging
Batting: RHB Hunter Hudson 0-0: Ball
1-0: SINGLE (Flyball, 8RS)
Nick Dillon to second
Batting: RHB Josh Randall 0-0: 3-RUN HOME RUN (Flyball, 7D), Distance : 362 ft
Batting: RHB Phil Rowlett 0-0: Called Strike
0-1: Ground out 6-3 (Groundball, 6)
Batting: LHB Trey Fitzpatrick 0-0: Called Strike
0-1: Ground out 4-3 (Groundball, 34D)
Bottom of the 3rd over - 3 run(s), 3 hit(s), 0 error(s), 0 left on base; Connecticut 3 - Mississippi State 3
TOP OF THE 4TH
Connecticut Huskies batting - Pitching for Mississippi State Bulldogs : RHP Brian Harvey
Batting: RHB Bill Moore 0-0: Ball
1-0: Ground out 6-3 (Groundball, 6S)
Batting: RHB John Hatch 0-0: Called Strike
0-1: Ball
1-1: Ball
2-1: Ground out 4-3 (Groundball, 4)
Batting: RHB Steve Murphy 0-0: Called Strike
0-1: Ball
1-1: SINGLE (Line Drive, 8LS)
Batting: SHB Dalton Rowe 0-0: Called Strike
0-1: Called Strike
0-2: Ball
1-2: Ball
2-2: Ball
3-2: Ground out 4-3 (Groundball, 34)
Top of the 4th over - 0 run(s), 1 hit(s), 0 error(s), 1 left on base; Connecticut 3 - Mississippi State 3
BOTTOM OF THE 4TH
Mississippi State Bulldogs batting - Pitching for Connecticut Huskies : LHP Dan Callahan
Batting: LHB Lúcio Gómez 0-0: Ball
1-0: Called Strike
1-1: Ball
2-1: Ball
3-1: Base on Balls
Batting: LHB Jack Crawford 0-0: Called Strike
0-1: SINGLE (Groundball, 3D)
Lúcio Gómez to second
Runner from 2nd tries for 3rd, SAFE, throw made to third
Batting: LHB Darren Cook 0-0: Ball
1-0: Called Strike
1-1: Ball
2-1: Fly out, F7 (Flyball, 78M)
Runner from 3rd tags up, SCORES, throw made
Batting: RHB Nick Dillon 0-0: Ball
1-0: Ball
2-0: Called Strike
2-1: Called Strike
2-2: Strikes out swinging
Batting: SHB Jessie Teague 0-0: Ball
Jack Crawford is caught stealing 2nd base
Bottom of the 4th over - 1 run(s), 1 hit(s), 0 error(s), 0 left on base; Connecticut 3 - Mississippi State 4
TOP OF THE 5TH
Connecticut Huskies batting - Pitching for Mississippi State Bulldogs : RHP Brian Harvey
Pitching: RHP Chris Brandt
Batting: LHB Arthur MacDonald 0-0: Ball
1-0: Ball
2-0: Swinging Strike
2-1: Called Strike
2-2: Fly out, F3 (Popup, 34)
Batting: LHB Stanley Smith 0-0: Ball
1-0: DOUBLE (Line Drive, 9LM)
Batting: RHB Joe Wright 0-0: Ball
1-0: Fly out, F8 (Flyball, 8LM)
Batting: RHB Bill Murray 0-0: Called Strike
0-1: Ball
1-1: Ball
2-1: Foul Ball, location: 2F
2-2: DOUBLE (Flyball, 89M)
Stanley Smith scores
Batting: RHB Barrett Barr 0-0: Fly out, F8 (Flyball, 8LS)
Top of the 5th over - 1 run(s), 2 hit(s), 0 error(s), 1 left on base; Connecticut 4 - Mississippi State 4
BOTTOM OF THE 5TH
Mississippi State Bulldogs batting - Pitching for Connecticut Huskies : LHP Dan Callahan
Batting: SHB Jessie Teague 0-0: Called Strike
0-1: Ball
1-1: Called Strike
1-2: Ball
2-2: Ball
3-2: Base on Balls
Batting: RHB Hunter Hudson 0-0: Called Strike
0-1: Ground out U3 (Groundball, 23)
Jessie Teague to second
Batting: RHB Josh Randall 0-0: Ground out 6-3 (Groundball, 6)
Batting: RHB Phil Rowlett 0-0: Foul Ball, location: 2F
0-1: Fly out, F9 (Flyball, 9LM)
Bottom of the 5th over - 0 run(s), 0 hit(s), 0 error(s), 1 left on base; Connecticut 4 - Mississippi State 4
TOP OF THE 6TH
Connecticut Huskies batting - Pitching for Mississippi State Bulldogs : RHP Chris Brandt
Batting: RHB Bill Moore 0-0: Hit by Pitch
Batting: RHB John Hatch 0-0: Fly out, F7 (Flyball, 7S)
Batting: RHB Steve Murphy 0-0: SINGLE (Flyball, 9LS)
Bill Moore to second
Runner from 2nd tries for 3rd, SAFE, throw made to third
Batting: SHB Dalton Rowe 0-0: Ball
Steve Murphy is caught stealing 2nd base
1-0: Ball
2-0: Ball
3-0: Called Strike
3-1: Base on Balls
Batting: LHB Arthur MacDonald 0-0: Called Strike
0-1: Foul Ball, location: 2F
0-2: Ball
1-2: Foul Ball, location: 2F
1-2: Strikes out swinging
Top of the 6th over - 0 run(s), 1 hit(s), 0 error(s), 2 left on base; Connecticut 4 - Mississippi State 4
BOTTOM OF THE 6TH
Mississippi State Bulldogs batting - Pitching for Connecticut Huskies : LHP Dan Callahan
Batting: LHB Trey Fitzpatrick 0-0: Fly out, F7 (Line Drive, 78M)
Batting: LHB Lúcio Gómez 0-0: Ball
1-0: Foul Ball, location: 2F
1-1: Foul Ball, location: 2F
1-2: SOLO HOME RUN (Flyball, 8RXD), Distance : 396 ft
Pitching: RHP Billy Jones
Batting: LHB Jack Crawford 0-0: Ball
1-0: Ball
2-0: Called Strike
2-1: Swinging Strike
2-2: Foul Ball, location: 2F
2-2: Foul Ball, location: 2F
2-2: Ground out 5-3 (Groundball, 56)
Batting: LHB Darren Cook 0-0: Foul Ball, location: 2F
0-1: Called Strike
0-2: Ball
1-2: Strikes out swinging
Bottom of the 6th over - 1 run(s), 1 hit(s), 0 error(s), 0 left on base; Connecticut 4 - Mississippi State 5
TOP OF THE 7TH
Connecticut Huskies batting - Pitching for Mississippi State Bulldogs : RHP Chris Brandt
Batting: LHB Stanley Smith 0-0: Ball
1-0: SINGLE (Flyball, 89S)
Batting: RHB Joe Wright 0-0: Ball
1-0: Foul Ball, location: 2F
1-1: SINGLE (Flyball, 78S)
Stanley Smith to second
Batting: RHB Bill Murray 0-0: Ball
1-0: Called Strike
1-1: Fly out, F3 (Line Drive, 3)
Batting: RHB Barrett Barr 0-0: Fly out, F5 (Popup, 5)
Batting: RHB Bill Moore 0-0: Reached on error, E5 (Groundball, 56S)
Stanley Smith to third
Joe Wright to second
Batting: RHB John Hatch 0-0: Ball
1-0: Ball
2-0: Called Strike
2-1: Ball
3-1: Ground out 5-3 (Groundball, 56S)
Top of the 7th over - 0 run(s), 2 hit(s), 1 error(s), 3 left on base; Connecticut 4 - Mississippi State 5
BOTTOM OF THE 7TH
Mississippi State Bulldogs batting - Pitching for Connecticut Huskies : RHP Billy Jones
Batting: RHB Nick Dillon 0-0: Ball
1-0: Foul Ball, location: 2F
1-1: Ground out 4-3 (Groundball, 4M)
Batting: SHB Jessie Teague 0-0: Ground out U3 (Groundball, 3)
Batting: RHB Hunter Hudson 0-0: Ground out 5-3 (Groundball, 56)
Bottom of the 7th over - 0 run(s), 0 hit(s), 0 error(s), 0 left on base; Connecticut 4 - Mississippi State 5
TOP OF THE 8TH
Connecticut Huskies batting - Pitching for Mississippi State Bulldogs : RHP Chris Brandt
Batting: RHB Steve Murphy 0-0: Foul Ball, location: 2F
0-1: Ball
1-1: Ball
2-1: Foul Ball, location: 2F
2-2: Ball
3-2: Strikes out looking
Pitching: RHP Harry Cuevas
Batting: SHB Dalton Rowe 0-0: Called Strike
0-1: Ball
1-1: Fly out, F7 (Line Drive, 7LS)
Pitching: LHP Miguel Mota
Batting: LHB Arthur MacDonald 0-0: Swinging Strike
0-1: Swinging Strike
0-2: Ball
1-2: Ball
2-2: Foul Ball, location: 2F
2-2: Hit by Pitch
Batting: LHB Stanley Smith 0-0: Foul Ball, location: 2F
0-1: Ball
1-1: Ball
2-1: Ball
3-1: Called Strike
3-2: SINGLE (Flyball, 6MD)
Arthur MacDonald to second
Arthur MacDonald to third
Pitching: RHP Ricardo Cervantes
Batting: RHB Joe Wright 0-0: Called Strike
0-1: Foul Ball, location: 2F
0-2: Hit by Pitch
Stanley Smith to second
Batting: RHB Bill Murray 0-0: Ball
1-0: Foul Ball, location: 2F
1-1: Ball
2-1: Foul Ball, location: 2F
2-2: GRAND SLAM HOME RUN (Flyball, 78XD), Distance : 368 ft
Pitching: RHP Jorge Gómez
Batting: RHB Barrett Barr 0-0: Ball
1-0: Called Strike
1-1: Ball
2-1: Foul Ball, location: 2F
2-2: Foul Ball, location: 2F
2-2: Ball
3-2: Base on Balls
Batting: RHB Bill Moore 0-0: Ball
Balk!
Barrett Barr to second
1-0: Ball
2-0: Ball
3-0: Called Strike
3-1: Base on Balls
Batting: RHB John Hatch 0-0: Ball
1-0: Called Strike
1-1: Fielders Choice at 2nd, 5-4 (Groundball, 5L)
Top of the 8th over - 4 run(s), 2 hit(s), 0 error(s), 1 left on base; Connecticut 8 - Mississippi State 5
BOTTOM OF THE 8TH
Mississippi State Bulldogs batting - Pitching for Connecticut Huskies : RHP Billy Jones
Batting: RHB Josh Randall 0-0: Fly out, F8 (Flyball, 89M)
Batting: RHB Phil Rowlett 0-0: Ball
1-0: Ball
2-0: Ball
3-0: Base on Balls
Pitching: LHP Ryan Cameron
Batting: LHB Trey Fitzpatrick 0-0: Ball
1-0: Swinging Strike
1-1: Ball
2-1: Ball
3-1: Base on Balls
Phil Rowlett to second
Batting: LHB Lúcio Gómez 0-0: Fielders Choice at 2nd, 4-6 (Groundball, 4)
Phil Rowlett to third
Batting: LHB Jack Crawford 0-0: Called Strike
0-1: Foul Ball, location: 2F
0-2: 3-RUN HOME RUN (Line Drive, 8RXD), Distance : 387 ft
Pitching: RHP Daniel Merrill
Batting: LHB Darren Cook 0-0: Fly out, F7 (Line Drive, 7)
Bottom of the 8th over - 3 run(s), 1 hit(s), 0 error(s), 0 left on base; Connecticut 8 - Mississippi State 8
TOP OF THE 9TH
Connecticut Huskies batting - Pitching for Mississippi State Bulldogs : RHP Jorge Gómez
Pitching: RHP Jorge Morales
Batting: RHB Steve Murphy 0-0: Called Strike
0-1: Swinging Strike
0-2: Ball
1-2: Ground out 6-3 (Groundball, 6)
Pinch Hitting: LHB Scot Lee 0-0: Called Strike
0-1: Ground out 6-3 (Groundball, 6)
Batting: LHB Arthur MacDonald 0-0: Ball
1-0: Ball
2-0: Called Strike
2-1: Called Strike
2-2: Foul Ball, location: 2F
2-2: Strikes out looking
Top of the 9th over - 0 run(s), 0 hit(s), 0 error(s), 0 left on base; Connecticut 8 - Mississippi State 8
BOTTOM OF THE 9TH
Mississippi State Bulldogs batting - Pitching for Connecticut Huskies : RHP Daniel Merrill
Now in LF: Scot Lee
Batting: RHB Nick Dillon 0-0: Ground out 6-3 (Groundball, 6)
Batting: SHB Jessie Teague 0-0: Foul Ball, location: 2F
0-1: Fly out, F5 (Line Drive, 56S)
Batting: RHB Hunter Hudson 0-0: Called Strike
0-1: Swinging Strike
0-2: Foul Ball, location: 2F
0-2: Ball
1-2: Ball
2-2: Ground out 6-3 (Groundball, 6)
Bottom of the 9th over - 0 run(s), 0 hit(s), 0 error(s), 0 left on base; Connecticut 8 - Mississippi State 8
TOP OF THE 10TH
Connecticut Huskies batting - Pitching for Mississippi State Bulldogs : RHP Jorge Morales
Batting: LHB Stanley Smith 0-0: Called Strike
0-1: Ball
1-1: DOUBLE (Line Drive, 9D)
Batting: RHB Joe Wright 0-0: Ball
1-0: 2-RUN HOME RUN (Flyball, 7LD), Distance : 339 ft
Pitching: RHP Rick Schneider
Batting: RHB Bill Murray 0-0: Ball
1-0: Called Strike
1-1: Ball
2-1: Ball
3-1: Ground out 6-3 (Groundball, 6)
Batting: RHB Barrett Barr 0-0: Foul Ball, location: 2F
0-1: SINGLE (Line Drive, 6MD)
Batting: RHB Bill Moore 0-0: Foul Ball, location: 2F
0-1: Ball
1-1: Ball
2-1: Foul Ball, location: 2F
2-2: Ball
3-2: Strikes out swinging
Batting: RHB John Hatch 0-0: Ball
1-0: Called Strike
1-1: Ball
2-1: Swinging Strike
2-2: Foul Ball, location: 2F
2-2: Ball
3-2: SINGLE (Groundball, 34D)
Barrett Barr to second
Barrett Barr to third
Batting: RHB Steve Murphy 0-0: Ball
1-0: 3-RUN HOME RUN (Flyball, 7D), Distance : 348 ft
Pitching: RHP Alonso Dupree
Batting: LHB Scot Lee 0-0: Called Strike
0-1: SINGLE (Groundball, 4MD)
Batting: LHB Arthur MacDonald 0-0: Ball
1-0: Fly out, F7 (Flyball, 7S)
Top of the 10th over - 5 run(s), 6 hit(s), 0 error(s), 1 left on base; Connecticut 13 - Mississippi State 8
BOTTOM OF THE 10TH
Mississippi State Bulldogs batting - Pitching for Connecticut Huskies : RHP Daniel Merrill
Batting: RHB Josh Randall 0-0: Called Strike
0-1: Called Strike
0-2: Ball
1-2: Ball
2-2: Strikes out looking
Batting: RHB Phil Rowlett 0-0: Fly out, F7 (Line Drive, 7LS)
Batting: LHB Trey Fitzpatrick 0-0: Called Strike
0-1: Foul Ball, location: 2F
0-2: Ball
1-2: Foul Ball, location: 2F
1-2: Foul Ball, location: 2F
1-2: Ball
2-2: Ball
3-2: Fly out, F7 (Flyball, 7S)
Bottom of the 10th over - 0 run(s), 0 hit(s), 0 error(s), 0 left on base; Connecticut 13 - Mississippi State 8
Thursday, March 30th, 2017 - OOTP Baseball 17.12 Build 75